 Dungeon Crawl Stone Soup version 0.28.0-45-g0d030f2227 (webtiles) character file.

Game seed: 13187824854715547899

2531 jimonade the Magician (level 9, 0/74 HPs)
             Began as a Demigod Ice Elementalist on Apr 9, 2022.
             Slain by Joseph
             ... wielding a +0 quarterstaff
              (17 damage)
             ... on level 7 of the Dungeon.
             The game lasted 00:39:00 (9176 turns).

jimonade the Magician (Demigod Ice Elementalist)    Turns: 9176, Time: 00:39:01

Health: 0/74       AC: 13    Str: 15    XL:     9   Next: 8%
Magic:  18/23      EV: 11    Int: 25    God:
Gold:   401        SH:  7    Dex: 14    Spells: 15/22 levels left

rFire   . . .      SeeInvis .   L - +1 spear (venom)
rCold   . . .      Faith    .   J - +0 kite shield
rNeg    . . .      Spirit   .   h - +1 robe of the Shining One's Envy {Str+2}
rPois   .          Reflect  .   x - +0 helmet
rElec   .          Harm     .   m - scarf {+Inv}
rCorr   .          Rampage  .   c - +0 pair of gloves
Will    .....                   (no boots)
Stlth   ++........              (no amulet)
HPRegen 0.22/turn               (no ring)
MPRegen 0.18/turn               (no ring)

@: ice-armoured, freezing walls, studying Fighting
A: high MP 1, forlorn, divine attributes
a: Evoke Invisibility


You were on level 7 of the Dungeon.
You visited 1 branch of the dungeon, and saw 7 of its levels.

You collected 401 gold pieces.

Inventory:

Hand Weapons
 q - a +2 dagger of distortion
 t - a +3 dagger
 y - a +1 dagger of chaos
 L - a +1 spear of venom (weapon)
Missiles
 d - 97 stones
 i - 41 bolts
 l - 111 sling bullets
 z - 11 poisoned darts
 B - 5 boomerangs
 E - 51 arrows
Armour
 c - a +0 pair of gloves (worn)
 h - the +1 robe of the Shining One's Envy (worn) {Str+2}
   (You found it on level 4 of the Dungeon)

   Str:       It affects your strength (+2).
 m - a scarf of invisibility (worn)
 u - the +7 scale mail of Fusmuon {Regen+}
   (You found it on level 3 of the Dungeon)

   Regen:     It increases your rate of health regeneration.
 x - a +0 helmet (worn)
 J - a +0 kite shield (worn)
 K - a +0 scale mail
Jewellery
 e - a ring of ice
Wands
 F - a wand of flame (40)
Scrolls
 a - 2 scrolls of acquirement {unknown}
 b - 6 scrolls of identify {unknown}
 f - a scroll of fog {unknown}
 g - 6 scrolls of teleportation {unknown}
 k - a scroll of holy word {unknown}
 o - a scroll of amnesia {unknown}
 p - 2 scrolls of immolation {unknown}
 r - 2 scrolls of enchant weapon {unknown}
 C - 2 scrolls of brand weapon {unknown}
 D - 2 scrolls of enchant armour {unknown}
 H - a scroll of fear {unknown}
 M - a scroll of blinking {unknown}
Potions
 j - 3 potions of attraction {unknown}
 n - a potion of mutation {unknown}
 s - 2 potions of flight {unknown}
 v - a potion of brilliance {unknown}
 w - a potion of ambrosia {unknown}
 A - a potion of lignification {unknown}
 G - a potion of haste {unknown}
 I - a potion of curing {unknown}


   Skills:
 * Level 5.4 Fighting
 - Level 2.3 Short Blades
 + Level 2.1 Polearms
 + Level 1.9 Armour
 + Level 3.1 Dodging
 - Level 1.7 Stealth
 + Level 0.3 Shields
 * Level 7.1 Spellcasting
 + Level 6.2 Ice Magic
 - Level 1.1 Earth Magic


You had 15 spell levels left.
You knew the following spells:

 Your Spells              Type           Power      Damage    Failure   Level
a - Freeze                Ice            100%       1d11      1%          1
b - Frozen Ramparts       Ice            80%        1d10      5%          3
c - Ozocubu's Armour      Ice            40%        N/A       5%          3

Your spell library contained the following spells:

 Spells                   Type           Power      Damage    Failure   Level
 Ensorcelled Hibernation  Hex/Ice        48%        N/A       10%         2
 Sandblast                Erth           28%        2d8       14%         1
 Passwall                 Tmut/Erth      9%         N/A       28%         2
 Stone Arrow              Conj/Erth      22%        3d8       50%         3
 Hailstorm                Conj/Ice       24%        3d7       54%         4
 Gell's Gravitas          Tloc           8%         N/A       56%         3
 Lesser Beckoning         Tloc           8%         N/A       56%         3
 Swiftness                Air            8%         N/A       56%         3
 Teleport Other           Tloc           8%         N/A       56%         3


Dungeon Overview and Level Annotations

Branches:
Dungeon (7/15)             Temple (0/1) D:6

Shops:
D:1 [   D:4 =   D:6 [

Annotations:
D:3 2 transporters, yahweh's ghost, amateur MiBe
D:7 1 runed translucent door, Crazy Yiuf; Joseph


Innate Abilities, Weirdness & Mutations

You have an increased reservoir of magic. (+10% MP)
You shall have no god before yourself.
Your divine heritage dramatically boosts your attributes as you level up.


Message History

You start resting.
Joseph is nearby!
Joseph is nearby!
Joseph shouts!
Joseph unwields a +0 hunting sling.
Joseph wields a +0 quarterstaff.
You block Joseph's attack.
Casting: Ozocubu's Armour (dangerous; 5% risk of failure)
Confirm with . or Enter, or press ? or * to list all spells.
Casting: Frozen Ramparts (dangerous; 5% risk of failure)
Press: ? - help, Dir - look around, f - activate The walls around you are covered in ice.
Casting: Frozen Ramparts (dangerous; 5% risk of failure)
Confirm with . or Enter, or press ? or * to list all spells.
A film of ice covers your body!
The wall freezes Joseph.
Joseph barely misses you.
You barely miss Joseph.
Joseph is lightly wounded.
The wall freezes Joseph.
Joseph hits you with a +0 quarterstaff!
You barely miss Joseph.
Joseph is lightly wounded.
The wall freezes Joseph.
You block Joseph's attack.
You hit Joseph but do no damage.
Joseph is poisoned.
Joseph is lightly wounded.
The wall freezes Joseph.
Joseph hits you with a +0 quarterstaff!
The wall freezes Joseph.
Joseph hits you with a +0 quarterstaff.
You are too injured to fight recklessly!
You are too injured to fight recklessly!
You are too injured to fight recklessly!
You are too injured to fight recklessly!
You are too injured to fight recklessly!
Unknown command.
Unknown command.
You barely miss Joseph.
Joseph is lightly wounded.
The wall freezes Joseph.
Joseph hits you with a +0 quarterstaff!
* * * LOW HITPOINT WARNING * * *
You hit Joseph but do no damage.
Joseph looks as sick as possible!
Joseph is moderately wounded.
The wall freezes Joseph!
Joseph hits you with a +0 quarterstaff!
You die...

#†# #. #.## .
#..# # ##.# # ♣
##.# .# ♣
#..#+#.#
#......#
#.##.### ♣
#.@@.# ♣♣
####.# ♣P
############..#
#.
......@.....)##
#####.
#######.######
#..#.. #.#
#######.....
#.#
#.....>....#
#.#
#.#####.####
#.# #.# #.....


You could see Joseph (extremely poisoned).

Vanquished Creatures
  4 yaks (D:7)
  2 water moccasins
  A black bear (D:5)
  A sky beast (D:5)
  3 ogres
  3 necrophages
  2 centaurs
  A phantom (D:4)
  2 scorpions (D:4)
  A gnoll sergeant (D:5)
  A water moccasin skeleton (D:5)
  A centaur zombie (D:7)
  4 crimson imps (D:4)
  A bullfrog zombie (D:5)
  2 hounds
  An orc priest (D:4)
  4 iguanas
  A killer bee zombie (D:6)
  Robin (D:2)
  4 gnolls (D:6)
  5 adders
  2 white imps (D:5)
  An ufetubus (D:6)
  An adder skeleton (D:5)
  2 worms
  7 dart slugs
  5 orcs
  6 ball pythons
  6 endoplasms
  A giant cockroach (D:4)
  14 goblins
  10 hobgoblins
  4 jackals (D:5)
  4 kobolds
  3 quokkas
  3 bats
  6 frilled lizards
  5 rats
125 creatures vanquished.

Vanquished Creatures (others)
  A kobold (D:1)
  8 demonic plants (D:1)
  4 fungi
  3 plants (D:1)
  3 withered plants (D:1)
19 creatures vanquished.

Grand Total: 144 creatures vanquished

Notes
Turn   | Place    | Note
-------+----------+-------------------------------------------
     0 | D:1      | jimonade the Demigod Ice Elementalist began the quest for
                  | the Orb.
     0 | D:1      | Reached XP level 1. HP: 14/14 MP: 5/5
   322 | D:1      | Reached skill level 2 in Spellcasting
   322 | D:1      | Reached XP level 2. HP: 19/22 MP: 4/7
   352 | D:1      | Found Naumy's Antique Armour Boutique.
   485 | D:1      | Reached skill level 1 in Fighting
  1461 | D:2      | Reached XP level 3. HP: 28/28 MP: 3/9
  2034 | D:2      | Learned a level 3 spell: Frozen Ramparts
  2838 | D:2      | Noticed Robin
  2851 | D:2      | Killed Robin
  2977 | D:3      | Identified the +7 scale mail of Fusmuon {Regen+}
  3023 | D:3      | Noticed a necrophage
  3041 | D:3      | Noticed yahweh's ghost (amateur MiBe)
  3043 | D:3      | Found a transporter.
  3354 | D:3      | Reached XP level 4. HP: 35/35 MP: 10/10
  3432 | D:3      | Found a transporter.
  3743 | D:4      | Reached skill level 1 in Short Blades
  3787 | D:4      | Noticed a necrophage
  3817 | D:4      | Killed a necrophage
  3818 | D:4      | Reached skill level 1 in Armour
  3818 | D:4      | Reached skill level 3 in Spellcasting
  3818 | D:4      | Reached XP level 5. HP: 40/41 MP: 12/12
  3823 | D:4      | Learned a level 3 spell: Ozocubu's Armour
  3838 | D:4      | Identified the +1 robe of the Shining One's Envy {Str+2}
  3939 | D:4      | Reached XP level 6. HP: 48/48 MP: 6/13
  4048 | D:4      | Found Joppew's Jewellery Shoppe.
  4501 | D:4      | Reached skill level 4 in Spellcasting
  4501 | D:4      | Reached XP level 7. HP: 53/57 MP: 9/16
  5064 | D:5      | Entered Level 5 of the Dungeon
  5226 | D:5      | Reached skill level 5 in Ice Magic
  5608 | D:5      | Reached skill level 5 in Spellcasting
  5644 | D:5      | Reached skill level 1 in Earth Magic
  5728 | D:5      | Reached XP level 8. HP: 39/63 MP: 13/19
  6363 | D:5      | Reached skill level 6 in Spellcasting
  7677 | D:6      | Found Lygg's Antique Armour Emporium.
  7930 | D:6      | Found a staircase to the Ecumenical Temple.
  8070 | D:7      | Noticed Joseph
  8855 | D:7      | Found a runed translucent door.
  8856 | D:7      | Noticed Crazy Yiuf
  8978 | D:7      | Reached skill level 1 in Polearms
  9048 | D:7      | Reached skill level 5 in Fighting
  9052 | D:7      | Reached skill level 7 in Spellcasting
  9052 | D:7      | Reached XP level 9. HP: 48/74 MP: 17/23
  9176 | D:7      | Slain by Joseph

Illustrated notes

Levels and vault maps discovered:
D:1:      minmay_arrival_loop, layout_rooms, serial_shops, shop,
          shapermc_ecumenical_altar_gd, lemuel_flame_loot_1
D:2:      layout_basic, uniq_robin
D:3:      layout_rooms, lemuel_round_altar, gammafunk_ghost_arena,
          minmay_box_of_dots
D:4:      cheibrodos_pilgrimage, layout_cave_pools, led_xom_imps, serial_shops,
          nicolae_take_the_stairs
D:5:      layout_cave_pools, nicolae_sif_muna_little_library,
          minmay_manual_monstrance
D:6:      layout_cave_pools, lemuel_temple_firewalk_b, serial_shops,
          nicolae_shop_window_shopping
D:7:      layout_loops_corners, mainiacjoe_overflow_surrounded_room,
          uniq_crazy_yiuf_cottage, uniq_joseph

Skill      XL: |  1  2  3  4  5  6  7  8  9 |
---------------+----------------------------+-----
Spellcasting   | 2 3 4 5 7 |  7.1
Fighting       | 1 2 3 5 |  5.4
Ice Magic      | 4 5 6 |  6.2
Short Blades   | 1 2 |  2.3
Armour         | 1 |  1.9
Dodging        | 2 3 |  3.1
Earth Magic    | 1 |  1.1
Polearms       | 1 2 |  2.1
Stealth        | |  1.7
Shields        | |  0.3

Action                   |  1- 3 |  4- 6 |  7- 9 || total
-------------------------+-------+-------+-------++-------
Melee: Short sword       |    29 |       |       ||    29
       Dagger            |    20 |   125 |   146 ||   291
       Punch             |       |     2 |     1 ||     3
       Spear             |       |       |    55 ||    55
 Cast: Freeze            |    69 |       |       ||    69
       Frozen Ramparts   |     3 |     9 |    30 ||    42
       Ozocubu's Armour  |       |     4 |    27 ||    31
 Stab: Sleeping          |     1 |       |     1 ||     2
Armor: Robe              |    10 |    16 |    69 ||    95
       Scale mail        |     4 |    38 |       ||    42
Dodge: Dodged            |    48 |    35 |   104 ||   187
Block: Kite shield       |       |       |    23 ||    23
